 Dungeon Crawl Stone Soup version 0.27.1-33-g824d729ab1 (webtiles) character file.

Game seed: 13736206628175357243

18 KamiKatze the Shield-Bearer (level 2, -1/19 HPs)
             Began as a Gargoyle Fighter on Dec 22, 2021.
             Slain by a gnoll (10 damage)
             ... on level 1 of the Dungeon.
             The game lasted 00:04:11 (1235 turns).

KamiKatze the Shield-Bearer (Gargoyle Fighter)      Turns: 1235, Time: 00:04:12

Health: -1/19      AC: 10    Str: 19    XL:     2   Next: 70%
Magic:  2/2        EV:  7    Int:  8    God:
Gold:   50         SH:  9    Dex:  9    Spells: 1/1 levels left

rFire    . . .     SeeInvis .   a - +0 war axe
rCold    . . .     Faith    .   c - +0 kite shield
rNeg     + . .     Spirit   .   b - +0 scale mail
rPois    ∞         Reflect  .   h - +0 helmet
rElec    +         Harm     .   (no cloak)
rCorr    .         Rampage  .   (no gloves)
Will     .....                  (no boots)
Stlth    ..........             (no amulet)
HPRegen  0.06/turn              (no ring)
MPRegen  0.08/turn              (no ring)

@: no status effects
A: sickness immunity, AC +2, negative energy resistance 1, electricity
resistance, torment resistance 1, petrification resistance
a: no special abilities


You were on level 1 of the Dungeon.
You visited 1 branch of the dungeon, and saw 2 of its levels.

You collected 50 gold pieces.

Inventory:

Hand Weapons
 a - a +0 war axe (weapon)
Missiles
 e - 36 stones (quivered)
Armour
 b - a +0 scale mail (worn)
 c - a +0 kite shield (worn)
 h - a +0 helmet (worn)
Scrolls
 i - a scroll of teleportation {unknown}
 j - 2 scrolls of blinking {unknown}
Potions
 d - a potion of might
 f - a potion of mutation {unknown}
 g - 2 potions of attraction {unknown}


   Skills:
 + Level 3.4 Fighting
 * Level 2.2 Axes
 + Level 3.4 Armour
 * Level 3.6 Shields


You had one spell level left.
You didn't know any spells.
Your spell library was empty.

Dungeon Overview and Level Annotations

Branches:
Dungeon (2/15)

Altars:


Innate Abilities, Weirdness & Mutations

You are immune to sickness and miasma.
Your stone body is resilient. (AC +2)
You are immune to poison.
You resist negative energy. (rN+)
You are resistant to electric shocks. (rElec)
You are resistant to unholy torment.
You are immune to petrification.


Message History

j - 2 scrolls labelled VUCLUQ OPLIMM
Found a stone staircase leading down.
There is a stone staircase leading down here.
Found 7 gold pieces.
You now have 50 gold pieces (gained 7).
You open the door.
There is an open door here.
There is an open door here.
There is an open door here.
Number of times to repeat, then command key: You must enter the number of times for the command to repeat.
Number of times to repeat, then command key: You must enter the number of times for the command to repeat.
Unknown command.
You open the door.
There is an open door here.
Done exploring.
There is a stone staircase leading down here.
You climb downwards.
The kobold shouts!
The gnoll shouts! x3
There is a stone staircase leading up here.
Unknown command.
You block the gnoll's attack. The gnoll hits you but does no damage.
You climb upwards.
There is a stone staircase leading down here.
You block the gnoll's attack. The gnoll barely misses you.
The gnoll hits you from afar with a +4 spear of pain.
The gnoll barely misses you. The gnoll completely misses you.
The gnoll barely misses you.
You closely miss the gnoll. The gnoll barely misses you.
You block the gnoll's attack. The gnoll hits you with a +0 spear.
You block the gnoll's attack.
You closely miss the gnoll.
The gnoll hits you but does no damage. x2
You block the gnoll's attack.
You barely miss the gnoll. You block the gnoll's attack.
The gnoll hits you with a +0 spear!
The gnoll hits you from afar with a +4 spear of pain!
Ouch! That really hurt!
You die...

......##.##..##########....####..
.....##...##..................+..
.#####..8..#####..#####....####..
#####.......#####.# ####..## ##.
+.....8.<.8.....'.# #.....# ##
#####.......####### #.###.# ####
### ##..8..#####.# #.# #.# #..†
#.# ##...###.##.# #.###.# #.##
#.# ##.####.##@# #.....# #.##
#.## #.##...gg.# ###.### #.#.
...## #.####.#### ###.######.#.
....# #.# #.# #......##.>.. ...##
#'# #.# #.#.##.##....
#.######.####g# #.#.##.##.##.
.......g.g....# #.#..........
#.############# #.####.##.##. #.#
#......##.##.


You could see 2 gnolls.

Vanquished Creatures
  An endoplasm (D:1)
  A giant cockroach (D:1)
  A goblin (D:1)
  2 hobgoblins (D:1)
  3 jackals (D:1)
  2 quokkas (D:1)
  2 ball pythons (D:1)
  2 bats (D:1)
  2 rats (D:1)
16 creatures vanquished.

Notes
Turn   | Place    | Note
-------+----------+-------------------------------------------
     0 | D:1      | KamiKatze the Gargoyle Fighter began the quest for the Orb.
     0 | D:1      | Reached XP level 1. HP: 14/14 MP: 1/1
   128 | D:1      | Found a faded altar of an unknown god.
   218 | D:1      | Reached XP level 2. HP: 12/19 MP: 2/2
  1235 | D:1      | Slain by a gnoll

Illustrated notes

Levels and vault maps discovered:
D:1:      evilmike_arrival_plus, layout_loops_corners,
          ebering_ecumenical_altar_petrified
D:2:      layout_loops_ring, dk_noncrumbling_2, grunt_ministairs_8, st_stairs_4,
          minmay_curled_crystal

Skill      XL: |  1 |
---------------+----+-----
Axes           | 2 |  2.2
Fighting       | |  3.4
Armour         | |  3.4
Shields        | |  3.6

Action                   || total
-------------------------++-------
Melee: War axe           ||    85
Armor: Scale mail        ||    49
Dodge: Dodged            ||    39
Block: Kite shield       ||    58
